 Dungeon Crawl Stone Soup version 0.22-a0-280-g69bf1f3 (webtiles) character file.

8691 Amnesiac the Destroyer (level 11, -34/64 HPs)
             Began as a Deep Elf Wizard on Mar 17, 2018.
             Was a High Priest of Sif Muna.
             Annihilated by a titanic slime creature (98 damage)
             ... on level 10 of the Dungeon.
             The game lasted 00:21:46 (9262 turns).

Amnesiac the Destroyer (Deep Elf Wizard)            Turns: 9262, Time: 00:21:46

Health: -34/64     AC:  8    Str:  7    XL:     11   Next: 13%
Magic:  26/26      EV: 15    Int: 27    God:    Sif Muna [*****.]
Gold:   579        SH:  0    Dex: 13    Spells: 2/29 levels left

rFire    . . .     SeeInvis .   t - +1 dagger (venom)
rCold    . . .     Gourm    .   (no shield)
rNeg     . . .     Faith    +   B - +2 robe {MR+}
rPois    .         Spirit   .   b - +0 helmet
rElec    .         Reflect  .   (no cloak)
rCorr    .         Harm     .   n - +2 pair of gloves {Str+3}
MR       +++..                  (no boots)
Stlth    ++........             z - amulet of faith
HPRegen  0.20/turn              G - ring of protection from magic
MPRegen  0.20/turn              e - ring of flight

@: divine energy
A: no striking features
a: Stop Divine Energy, Channel Magic, Forget Spell, Renounce Religion, Evoke
Flight


You were on level 10 of the Dungeon.
You worshipped Sif Muna.
Sif Muna was extremely pleased with you.
You were hungry.

You visited 2 branches of the dungeon, and saw 11 of its levels.

You collected 579 gold pieces.

Inventory:

Hand Weapons
 f - a +1 dagger of draining
 t - a +1 dagger of venom (weapon)
 H - the +10 scimitar "Sif Ben" {slice, +Blink SInv, unknown}
   (You found it on level 10 of the Dungeon)

   It inflicts extra damage upon your enemies.
   It lets you see invisible.
   It lets you blink.
Missiles
 a - 3 throwing nets (quivered)
 o - 54 poisoned needles
 y - 8 curare-tipped needles
Armour
 b - a +0 helmet (worn)
 n - a +2 pair of gloves of strength (worn)
 B - a +2 robe of magic resistance (worn)
Jewellery
 e - a ring of flight (right hand)
 x - an uncursed amulet of guardian spirit {unknown}
 z - an amulet of faith (around neck)
 G - a ring of protection from magic (left hand)
Wands
 s - a wand of polymorph (13)
 F - a wand of acid (5)
Scrolls
 g - 2 scrolls of remove curse {!r}
 h - 4 scrolls of enchant weapon {!r}
 l - a scroll of magic mapping {!r}
 m - a scroll of vulnerability {!r, unknown}
 q - 2 scrolls of teleportation {!r}
 r - 2 scrolls of enchant armour {!r}
 w - 2 scrolls of fog {!r}
 C - a scroll of summoning {!r, unknown}
 E - a scroll of acquirement {!r, unknown}
 I - a scroll of random uselessness {!r, unknown}
Potions
 c - a potion of curing {!q}
 i - a potion of cancellation {!q}
 j - a potion of brilliance {!q}
 k - a potion of ambrosia {!q, unknown}
 p - a potion of heal wounds {!q}
 u - 2 potions of flight {!q}
 v - a potion of mutation {!q}
 A - a potion of agility {!q}
 D - a potion of berserk rage {!q, unknown}
Comestibles
 d - 12 rations


   Skills:
 - Level 6.0 Fighting
 - Level 6.0 Dodging
 - Level 2.4 Stealth
 + Level 9.7 Spellcasting
 - Level 10.5 Conjurations
 - Level 1.1 Summonings
 - Level 1.1 Translocations
 - Level 10.4 Ice Magic
 * Level 0.0 Earth Magic


You had 2 spell levels left.
You knew the following spells:

 Your Spells              Type           Power        Failure   Level  Hunger
a - Throw Icicle          Conj/Ice       ######..     1%          4    None
b - Summon Ice Beast      Ice/Summ       #####...     4%          4    None
c - Call Imp              Summ           ###.....     4%          2    None
d - Magic Dart            Conj           ####         1%          1    None
e - Mephitic Cloud        Conj/Pois/Air  ####....     3%          3    None
f - Lee's Rapid Deconstr  Erth           ##........   77%         5    ####...
s - Conjure Flame         Conj/Fire      #####...     1%          3    None
v - Blink                 Tloc           N/A          4%          2    None
z - Ozocubu's Armour      Chrm/Ice       #####...     1%          3    None


Dungeon Overview and Level Annotations

Branches:
Dungeon (10/15)            Temple (1/1) D:5            Lair (0/6) D:10
    Orc (0/2) D:9

Altars:
Ashenzari
Cheibriados
Dithmenos
Elyvilon
Fedhas
Gozag
Hepliaklqana
Kikubaaqudgha
Makhleb
Nemelex Xobeh
Okawaru
Qazlal
Ru
Sif Muna
Uskayaw
Vehumet
Wu Jian
Xom
Yredelemnul
Zin
The Shining One
Jiyva

Shops:
D:8 *


Message History

The great orb of eyes bites you but does no damage.
Casting: Throw Icicle (safe; 1% risk of failure)
Confirm with . or Enter, or press ? or * to list all spells.
Aiming: Throw Icicle (safe; 1% risk of failure)
Press: ? - help, Shift-Dir - straight line, f/p - great orb of eyes
Aim: a great orb of eyes (moderately wounded)
The shard of ice hits the great orb of eyes.
The great orb of eyes is heavily wounded.
The great orb of eyes bites you but does no damage.
Two slime creatures merge to form a large slime creature.
Casting: Throw Icicle (safe; 1% risk of failure)
Confirm with . or Enter, or press ? or * to list all spells.
Aiming: Throw Icicle (safe; 1% risk of failure)
Press: ? - help, Shift-Dir - straight line, f/p - great orb of eyes
Aim: a great orb of eyes (heavily wounded)
The shard of ice hits the great orb of eyes.
The great orb of eyes is almost dead.
The great orb of eyes bites you!
Casting: Throw Icicle (safe; 1% risk of failure)
Confirm with . or Enter, or press ? or * to list all spells.
Aiming: Throw Icicle (safe; 1% risk of failure)
Press: ? - help, Shift-Dir - straight line, f/p - great orb of eyes
Aim: a great orb of eyes (almost dead)
The shard of ice hits the great orb of eyes.
You kill the great orb of eyes!
Sif Muna accepts your kill.
You are feeling hungry.
There is an open door here.
There is an open door here.
You see here a whip.
The slime creature quivers.
There is a transporter here.
You start resting.
The slime creature quivers. x2
Two slime creatures merge to form a large slime creature.
This spell is very dangerous to cast!
Memorise Lee's Rapid Deconstruction, consuming 5 spell levels and leaving 2?
The slime creature quivers.
You start memorising the spell.
You continue memorising. x2
Two slime creatures merge to form a very large slime creature.
You continue memorising. x3
The slime creature quivers.
You finish memorising.
Spell assigned to 'f'.
Casting: Throw Icicle (safe; 1% risk of failure)
Confirm with . or Enter, or press ? or * to list all spells.
Okay, then.
You start resting.
The slime creature quivers.
Two slime creatures merge to form an enormous slime creature.
You start resting.
HP restored.
Two slime creatures merge to form a titanic slime creature.
You start resting.
The titanic slime creature jiggles.
HP restored.
Press: ? - help, v - describe, . - travel A transporter.
Unknown command.
Unknown command.
Unknown command.
You enter the transporter and appear at another place.
The titanic slime creature hits you!!!!
Ouch! That really hurt!
You die...

..................'.......'......
####..#############.......#######
##.# #.......# #.... #.# ### ###
#.......# #.... #.#
##.###$#############.... #.#
##..#.#..## #..........
#.###.........#####..........
#..####.??$J####.##..........
#.©###..$_.J@###§.#..........
##.####.)$..####........)....
####©.......!#####..........
##..#.#..## #.......... ##.###.##
#.......... ### ### #..........
#.......... #########.# #.#


You could see a titanic slime creature and a slime creature.

Vanquished Creatures
  A great orb of eyes (D:10)
  Harold (D:10)
  2 two-headed ogres
  Pikel (D:3)
  Psyche (D:8)
  The ghost of matakusis the Summoner, a novice DESu of Sif Muna (D:7)
  3 trolls
  Grinder (D:4)
  A slime creature (D:10)
  A wyvern (D:10)
  Sigmund (D:4)
  A wraith (D:10)
  8 yaks
  A hungry ghost (D:9)
  2 ice beasts
  2 orc warriors
  2 sky beasts
  An ogre (D:9)
  A centaur (D:10)
  3 bullfrogs
  A big kobold (D:10)
  A scorpion (D:8)
  4 killer bees (D:8)
  4 wights (D:7)
  2 howler monkeys
  A crimson imp (D:5)
  A centaur zombie (D:8)
  A quasit (D:9)
  5 hounds
  4 orc priests
  6 orc wizards
  3 worker ants
  A killer bee zombie (D:9)
  A worker ant zombie (D:10)
  6 adders
  4 shadow imps
  An ooze (D:1)
  An adder skeleton (D:5)
  A worm (D:3)
  4 dart slugs
  3 leopard geckos
  21 orcs
  2 ball pythons
  5 giant cockroaches
  4 goblins
  3 hobgoblins
  2 quokkas
  5 bats
  3 frilled lizards (D:2)
  12 kobolds
  11 rats
158 creatures vanquished.

Vanquished Creatures (others)
  A bullfrog skeleton (D:4)
  An orc priest (D:4)
  A worker ant (D:4)
  Robin (D:4)
  An adder skeleton (D:4)
  3 orcs (D:4)
  7 goblins (D:4)
  A hobgoblin (D:4)
16 creatures vanquished.

Grand Total: 174 creatures vanquished

Notes
Turn   | Place    | Note
-------+----------+-------------------------------------------
     0 | D:1      | Amnesiac the Deep Elf Wizard began the quest for the Orb.
     0 | D:1      | Reached XP level 1. HP: 10/10 MP: 7/7
   215 | D:1      | Reached skill level 1 in Fighting
   215 | D:1      | Reached XP level 2. HP: 15/16 MP: 1/9
   664 | D:2      | Learned a level 2 spell: Blink
   667 | D:2      | Learned a level 2 spell: Call Imp
   811 | D:2      | Reached XP level 3. HP: 21/21 MP: 3/11
   816 | D:2      | Learned a level 3 spell: Conjure Flame
   820 | D:2      | Learned a level 3 spell: Mephitic Cloud
   994 | D:2      | Found an opulent altar of Gozag.
  1016 | D:2      | Noticed a sky beast
  1024 | D:2      | Killed a sky beast
  1024 | D:2      | Reached XP level 4. HP: 28/28 MP: 8/12
  1101 | D:2      | Reached XP level 5. HP: 27/32 MP: 8/13
  2199 | D:4      | Noticed Pikel
  2200 | D:4      | Noticed Robin
  2207 | D:4      | Noticed a slave
  2209 | D:4      | Noticed a slave
  2209 | D:4      | Noticed a slave
  2307 | D:3      | Killed Pikel
  2307 | D:3      | Reached XP level 6. HP: 14/39 MP: 0/14
  2307 | D:3      | Reached XP level 7. HP: 16/44 MP: 0/15
  2638 | D:4      | Killed Robin
  2793 | D:4      | Noticed a freed slave
  2983 | D:4      | Noticed Sigmund
  2990 | D:4      | Killed Sigmund
  2990 | D:4      | Reached skill level 5 in Fighting
  2990 | D:4      | Reached skill level 5 in Dodging
  3189 | D:4      | Noticed Grinder
  3206 | D:4      | Paralysed by Grinder for 5 turns
  3215 | D:4      | Killed Grinder
  3215 | D:4      | Reached XP level 8. HP: 30/51 MP: 2/16
  3368 | D:5      | Entered Level 5 of the Dungeon
  3745 | D:5      | Found a staircase to the Ecumenical Temple.
  3753 | Temple   | Entered the Ecumenical Temple
  3797 | Temple   | Became a worshipper of Sif Muna the Loreminder
  4009 | D:6      | Reached skill level 5 in Conjurations
  4018 | D:6      | Reached skill level 5 in Spellcasting
  4339 | D:6      | Learned a level 3 spell: Ozocubu's Armour
  4633 | D:7      | Reached skill level 1 in Ice Magic
  4639 | D:7      | Learned a level 4 spell: Throw Icicle
  4706 | D:7      | Noticed matakusis's ghost (novice DESu)
  5026 | D:7      | Killed matakusis's ghost
  5026 | D:7      | Reached * piety under Sif Muna
  5243 | D:7      | Reached skill level 5 in Ice Magic
  5322 | D:7      | Reached XP level 9. HP: 51/55 MP: 0/19
  5798 | D:8      | Noticed Psyche
  5916 | D:8      | Killed Psyche
  5945 | D:8      | Reached ** piety under Sif Muna
  6528 | D:8      | Found Syapp's General Store.
  6924 | D:9      | Noticed a two-headed ogre
  6931 | D:9      | Learned a level 4 spell: Summon Ice Beast
  6946 | D:9      | Killed a two-headed ogre
  6946 | D:9      | Reached *** piety under Sif Muna
  6946 | D:9      | Reached XP level 10. HP: 52/60 MP: 0/23
  6972 | D:9      | Found a staircase to the Orcish Mines.
  7685 | D:10     | Entered Level 10 of the Dungeon
  7848 | D:9      | Reached **** piety under Sif Muna
  7890 | D:10     | Noticed a two-headed ogre
  7895 | D:10     | Killed a two-headed ogre
  8098 | D:10     | Found a staircase to the Lair.
  8244 | D:10     | Noticed Harold
  8290 | D:10     | Killed Harold
  8290 | D:10     | Reached ***** piety under Sif Muna
  8290 | D:10     | Identified Zeuroedaeh's Catalogue of Earth (Sif Muna gifted it to you on level 10 of the Dungeon)
  8290 | D:10     | Received a gift from Sif Muna
  8290 | D:10     | Reached skill level 10 in Conjurations
  8442 | D:10     | Found a viscous altar of Jiyva.
  8613 | D:10     | Found a transporter.
  8707 | D:10     | Reached skill level 10 in Ice Magic
  8718 | D:10     | Reached XP level 11. HP: 56/64 MP: 17/26
  8810 | D:10     | Noticed a great orb of eyes
  8810 | D:10     | Found a transporter.
  8813 | D:10     | Got a steaming amber ring
  9021 | D:10     | Identified the ring of Midnight {rCorr *Slow Str+4 Int+2} (You found it on level 10 of the Dungeon)
  9108 | D:10     | Got a pitted scimitar
  9118 | D:10     | Killed a great orb of eyes
  9209 | D:10     | Learned a level 5 spell: Lee's Rapid Deconstruction
  9262 | D:10     | Annihilated by a titanic slime creature

Vault maps used:
D:1:      lightli_arrival_quake, grunt_decor_arrowhead
D:2:      grunt_gozag_breadcrumbs
D:3:      first_ration, minmay_box_of_dots
D:4:      uniq_robin, uniq_grinder, uniq_pikel, uniq_sigmund
D:5:      minmay_temple_entry_nine_rooms
D:8:      nicolae_overflow_hidden_temple, serial_shops,
          nicolae_shop_behind_doors, uniq_psyche
D:9:      orc_0_dummy
D:10:     gammafunk_jiyva_shrine, lair_entry_dummy, uniq_harold
Temple:   kilobyte_greek_temple

Skill      XL: |  1  2  3  4  5  6  7  8  9 10 |
---------------+-------------------------------+-----
Fighting       | 1 3 4 5 6 |  6.0
Conjurations   | 2 3 4 5 8 10 | 10.5
Dodging        | 4 5 6 |  6.0
Spellcasting   | 5 7 9 |  9.7
Ice Magic      | 5 8 10 | 10.4
Stealth        | |  2.4
Summonings     | |  1.1
Translocations | |  1.1

Action                   |  1- 3 |  4- 6 |  7- 9 | 10-12 || total
-------------------------+-------+-------+-------+-------++-------
Melee: Unarmed           |       |     3 |     5 |       ||     8
       Dagger            |       |       |    48 |     8 ||    56
       Short sword       |       |       |     6 |       ||     6
 Cast: Magic Dart        |    59 |    68 |   142 |       ||   269
       Conjure Flame     |     1 |     1 |     4 |     2 ||     8
       Mephitic Cloud    |       |     1 |     2 |       ||     3
       Call Imp          |       |     1 |     1 |       ||     2
       Throw Icicle      |       |       |    69 |    79 ||   148
       Blink             |       |       |     2 |     4 ||     6
       Ozocubu's Armour  |       |       |     1 |       ||     1
Invok: Divine Energy     |       |       |     1 |       ||     1
  Use: Potion            |       |       |     4 |     1 ||     5
       Scroll            |       |       |    11 |     5 ||    16
 Stab: Confused          |       |     1 |       |       ||     1
  Eat: Chunk             |       |     4 |     7 |     8 ||    19
       Ration            |       |       |     4 |       ||     4
Armor: Robe              |     4 |     1 |    44 |    13 ||    62
Dodge: Dodged            |     7 |     3 |   106 |    28 ||   144

Table legend:
 A = Spawn XP
 B = Non-spawn XP
 C = Spawn XP percentage of total XP
 D = Spawn monster count
 E = Non-spawn monster count
 F = Spawn count percentage of total count
 G = Total turns spent on level
                    A         B        C        D         E        F      G
               +---------+---------+-------+---------+---------+-------+---------
         Total |       0 |   12416 |   0.0 |       0 |     158 |   0.0 |  9262
               +---------+---------+-------+---------+---------+-------+---------
           D:1 |       0 |      25 |   0.0 |       0 |      11 |   0.0 |   611
           D:2 |       0 |     210 |   0.0 |       0 |      24 |   0.0 |   908
           D:3 |       0 |     590 |   0.0 |       0 |      19 |   0.0 |  1068
           D:4 |       0 |     678 |   0.0 |       0 |      17 |   0.0 |   781
           D:5 |       0 |     244 |   0.0 |       0 |       4 |   0.0 |   535
           D:6 |       0 |     271 |   0.0 |       0 |       9 |   0.0 |   852
           D:7 |       0 |     896 |   0.0 |       0 |      11 |   0.0 |   950
           D:8 |       0 |     925 |   0.0 |       0 |       9 |   0.0 |   928
           D:9 |       0 |    3121 |   0.0 |       0 |      20 |   0.0 |   981
          D:10 |       0 |    5456 |   0.0 |       0 |      34 |   0.0 |  1564
               +---------+---------+-------+---------+---------+-------+---------
